 Dungeon Crawl Stone Soup version 0.29.0-7-g18a832c13a (webtiles) character file.

Game seed: 17147000183253352038

2230 voltaire321 the Insei (level 9, -2/60 HPs)
             Began as an Octopode Transmuter on Aug 31, 2022.
             Was a Follower of Wu Jian.
             Slain by a two-headed ogre
             ... wielding a +0 giant club
              (22 damage)
             ... on level 8 of the Dungeon.
             The game lasted 00:25:13 (9840 turns).

voltaire321 the Insei (Octopode Transmuter)         Turns: 9840, Time: 00:25:13

Health: -2/60      AC:  1    Str: 16    XL:     9   Next: 36%
Magic:  16/16      EV: 15    Int: 15    God:    Wu Jian [*.....]
Gold:   393        SH:  0    Dex: 16    Spells: 7/18 levels left

rFire   . . .      SeeInvis .   o - +0 dagger (venom)
rCold   . . .      Faith    .   (no shield)
rNeg    . . .      Spirit   .   (helmet restricted)
rPois   +          Reflect  .   (no amulet)
rElec   .          Harm     .   m - +6 ring of strength
rCorr   .          Rampage  .   e - ring of poison resistance
Will    .....                   (no ring)
Stlth   ++........              (no ring)
HPRegen 0.20/turn               (no ring)
MPRegen 0.15/turn               (no ring)
                                (no ring)
                                (no ring)

@: no status effects
A: almost no armour, amphibious, 8 rings, camouflage 1, gelatinous body 1,
(nimble swimmer 1), tentacles
a: Renounce Religion


You were on level 8 of the Dungeon.
You worshipped Wu Jian.
Wu Jian was aware of your devotion.
You visited 2 branches of the dungeon, and saw 9 of its levels.

You collected 463 gold pieces.
You spent 70 gold pieces at shops.

Inventory:

Hand Weapons
 b - a +0 whip of flaming
 d - a +0 dagger of holy wrath
 n - a +1 dagger of draining
 o - a +0 dagger of venom (weapon)
 r - a +1 rapier
Missiles
 i - 14 poisoned darts (quivered)
 A - 5 boomerangs
 C - 2 throwing nets
Armour
 y - a +0 kite shield
Jewellery
 e - a ring of poison resistance (right tentacle)
 m - a +6 ring of strength (left tentacle)
 B - a ring of resist corrosion
Wands
 h - a wand of iceblast (6)
 s - a wand of mindburst (18)
 v - a wand of light (4)
 x - a wand of flame (31)
Scrolls
 c - 7 scrolls of identify
 k - 3 scrolls of magic mapping
 u - 2 scrolls of enchant armour
 w - 3 scrolls of teleportation
Potions
 a - a potion of lignification
 f - 4 potions of curing
 g - 2 potions of haste
 j - 2 potions of might
 l - a potion of flight
 p - 2 potions of berserk rage
 q - 4 potions of cancellation
 t - a potion of invisibility
 D - a potion of magic {unknown}


   Skills:
 + Level 4.9 Fighting
 + Level 5.3 Dodging
 + Level 5.8 Unarmed Combat
 + Level 5.0 Spellcasting
 + Level 5.3 Transmutations
 + Level 5.4 Poison Magic


You had 7 spell levels left.
You knew the following spells:

 Your Spells              Type           Power      Damage    Failure   Level
a - Beastly Appendage     Tmut           38%        N/A       1%          1
b - Wereblood             Tmut           19%        N/A       2%          2
c - Spider Form           Tmut/Pois      19%        N/A       5%          3
d - Alistair's Intoxicat  Tmut/Pois      12%        N/A       45%         5

Your spell library contained the following spells:

 Spells                   Type           Power      Damage    Failure   Level
 Passwall                 Tmut/Erth      9%         N/A       9%          2
 Apportation              Tloc           6%         N/A       16%         1
 Foxfire                  Conj/Fire      12%        2x1d4     16%         1
 Sandblast                Erth           6%         2d5       16%         1
 Conjure Flame            Conj/Fire      3%         6-21      43%         3
 Inner Flame              Hex/Fire       3%         N/A       43%         3
 Stone Arrow              Conj/Erth      6%         3d7       43%         3
 Ice Form                 Ice/Tmut       11%        N/A       47%         4
 Flame Wave               Conj/Fire      3%         2d5       85%         4


Dungeon Overview and Level Annotations

Branches:
Dungeon (8/15)             Temple (1/1) D:7
   Lair: D:8-11

Altars:
Cheibriados
Elyvilon
Fedhas
Hepliaklqana
Kikubaaqudgha
Makhleb
Qazlal
Ru
Sif Muna
Trog
Uskayaw
Vehumet
Wu Jian
Xom
Yredelemnul
Zin
The Shining One

Shops:
D:4 ?   D:7 *


Innate Abilities, Weirdness & Mutations

You cannot wear most types of armour.
You are amphibious.
You can wear up to eight rings at the same time.
Your skin changes colour to match your surroundings (Stealth+).
Your rubbery body absorbs attacks. (AC +1, EV +1)
((You are camouflaged when in or above water. (Stealth+)))
You have tentacles for arms and can constrict up to eight enemies at once.


Message History

You now have 383 gold pieces (gained 10).
You now have 393 gold pieces (gained 10).
You open the large door.
An orc comes into view. It is wielding a +0 club.
The orc shouts!
Casting: Spider Form (dangerous; 5% risk of failure)
Confirm with . or Enter, or press ? or * to list all spells.
You turn into a venomous arachnid creature.
Your +0 dagger of venom melds into your body.
Your +0 dagger of venom stops dripping with poison.
You lunge at the orc.
You bite the orc!
You kill the orc!
The Council accepts your kill.
There is a large open door here.
You see here a +0 club.
Your transformation is almost over.
Magic restored.
Your transformation has ended.
Your +0 dagger of venom unmelds from your body.
Your +0 dagger of venom begins to drip with poison!
You see here a +0 club.
There is a large open door here.
A two-headed ogre comes into view. It is wielding two +0 giant clubs.
As you read the scroll labelled OMEPOU HYECU, it crumbles to dust.
Wisps of shadow whirl around you...
It was a scroll of summoning.
You swap places.
You swap places.
The two-headed ogre shouts in stereo!
You spin and attack the two-headed ogre.
You hit the two-headed ogre.
The two-headed ogre is lightly wounded.
The two-headed ogre hits you with a +0 giant club!!!
Ouch! That really hurt!
The two-headed ogre closely misses you.
Your orc hits the two-headed ogre with a +0 hand axe.
You hear a shout!
The two-headed ogre attacks as you move away!
The two-headed ogre misses you.
The two-headed ogre hits you with a +0 giant club!!
You die...

#°...○####.### ...
#.###.######...# ..
#.###....##.###. ..
#.#........## ## #.
#.#.##....## # # #.
#.#.###.#.#
##.#.##.#.# #.#.### #
#.......#.###.....####
#.@Oozz.looo....##.
#.####z####.##z....
#.. ############...
##. #~~~~~~#####.#. ##
#~♣..♣~#...zz##
#~.♣♣.)'.#####
#~.♣♣..'.# #~♣..♣~###
#~~~~~~#


You could see a two-headed ogre (ally target), a friendly wyvern (summoned), 3
friendly wights, a friendly orc wizard (summoned) and a friendly orc (summoned).

Vanquished Creatures
  Pikel (D:6)
  A wyvern (D:7)
  A water moccasin (D:4)
  A sky beast (D:6)
  A black bear (D:5)
  2 ice beasts
  2 ogres (D:6)
  A centaur (D:7)
  A lemure (D:6)
  A phantom (D:5)
  A kobold brigand (D:8)
  A gnoll sergeant (D:8)
  2 scorpions
  A necrophage (D:4)
  2 hounds (D:5)
  2 orc priests
  A jelly (D:4)
  Jessica (D:2)
  5 orc wizards
  9 gnolls
  5 adders
  A shadow imp (D:7)
  2 worms
  A dart slug (D:1)
  25 orcs
  4 endoplasms
  A giant cockroach (D:2)
  4 hobgoblins
  2 jackals (D:5)
  6 quokkas
  3 ball pythons
  4 bats
  3 frilled lizards
  6 goblins
  8 kobolds
  4 rats
116 creatures vanquished.

Vanquished Creatures (others)
  6 fungi (D:5)
6 creatures vanquished.

Grand Total: 122 creatures vanquished

Notes
Turn   | Place    | Note
-------+----------+-------------------------------------------
     0 | D:1      | voltaire321 the Octopode Transmuter began the quest for the
                  | Orb.
     0 | D:1      | Reached XP level 1. HP: 13/13 MP: 3/3
   709 | D:1      | Reached XP level 2. HP: 18/18 MP: 3/5
   783 | D:1      | Found a faded altar of an unknown god.
   787 | D:1      | Learned a level 2 spell: Wereblood
  1323 | D:2      | Found a blossoming altar of Fedhas.
  1342 | D:2      | Noticed Jessica
  1348 | D:2      | Killed Jessica
  1349 | D:2      | Reached XP level 3. HP: 21/24 MP: 4/6
  1859 | D:2      | Learned a level 3 spell: Spider Form
  2031 | D:3      | Reached XP level 4. HP: 13/29 MP: 5/7
  3015 | D:4      | Noticed a necrophage
  3035 | D:4      | Killed a necrophage
  3036 | D:4      | Reached skill level 1 in Poison Magic
  3036 | D:4      | Reached XP level 5. HP: 34/34 MP: 6/8
  3130 | D:4      | Found Huxash's Magic Scroll Emporium.
  3138 | D:4      | Bought a scroll of teleportation for 42 gold pieces
  3138 | D:4      | Bought a scroll of identify for 28 gold pieces
  3232 | D:4      | Found a snail-covered altar of Cheibriados.
  3817 | D:5      | Entered Level 5 of the Dungeon
  3818 | D:5      | Noticed a water moccasin
  3830 | D:4      | Killed a water moccasin
  3831 | D:4      | Reached XP level 6. HP: 15/41 MP: 10/10
  4081 | D:5      | Found a blossoming altar of Fedhas.
  4133 | D:5      | Found a burning altar of Makhleb.
  4501 | D:5      | Reached XP level 7. HP: 41/45 MP: 9/11
  4504 | D:5      | Found an ancient bone altar of Kikubaaqudgha.
  4609 | D:5      | Found a hazy altar of Hepliaklqana.
  5017 | D:5      | Found a bloodstained altar of Trog.
  5531 | D:6      | Found a hide-covered altar of Uskayaw.
  6296 | D:6      | Reached XP level 8. HP: 8/53 MP: 11/13
  6775 | D:6      | HP: 2/53 [ogre/+0 giant spiked club (20)]
  7276 | D:6      | Noticed Pikel
  7289 | D:6      | Killed Pikel
  7290 | D:6      | Reached skill level 5 in Unarmed Combat
  7765 | D:7      | Found a staircase to the Ecumenical Temple.
  7775 | D:7      | Learned a level 5 spell: Alistair's Intoxication
  7782 | Temple   | Entered the Ecumenical Temple
  7832 | Temple   | Became a worshipper of the Wu Jian Council
  8277 | D:7      | Found Ytethah's Overcharged Wands.
  8314 | D:7      | Found a radiant altar of Vehumet.
  8551 | D:7      | Noticed a wyvern
  8562 | D:7      | Killed a wyvern
  8563 | D:7      | Reached skill level 5 in Dodging
  8563 | D:7      | Reached skill level 5 in Transmutations
  8563 | D:7      | Reached XP level 9. HP: 56/59 MP: 9/16
  8663 | D:7      | Reached skill level 5 in Poison Magic
  9402 | D:8      | Reached * piety under Wu Jian
  9489 | D:8      | Reached skill level 5 in Spellcasting
  9717 | D:8      | Found a stormy altar of Qazlal.
  9808 | D:8      | Noticed a two-headed ogre
  9840 | D:8      | Slain by a two-headed ogre

Illustrated notes

Levels and vault maps discovered:
D:1:      eino_arrival_tree_alley, layout_loops_cross,
          chequers_ecumenical_altar_simple, st_stairs_14, minmay_heptomino_o4
D:2:      layout_basic, basic_altar, uniq_jessica
D:3:      layout_basic
D:4:      layout_cave_pods, slow_altar_2, serial_shops,
          nicolae_shop_hallway_plus
D:5:      layout_basic, mainiacjoe_overflow_chevrons, marbit_many_paths,
          lemuel_tele_altar, kennysheep_little_box, trog_butcher_becter,
          kennysheep_generic_room_4
D:6:      layout_cave_pods, amcnicky_altar_gilded, uniq_pikel
D:7:      layout_basic, vehumet_altar_wand_db, minmay_temple_entry_steel_oval,
          nicolae_shop_overcharged_wands
D:8:      layout_loops_ring, grunt_qazlal_clouds, kennysheep_generic_room_15,
          uniq_joseph, uniq_psyche
Temple:   hellmonk_temple_beads

Skill      XL: |  1  2  3  4  5  6  7  8  9 |
---------------+----------------------------+-----
Fighting       | 2 3 4 |  4.9
Poison Magic   | 1 2 3 4 5 |  5.4
Dodging        | 3 4 5 |  5.3
Transmutations | 3 4 5 |  5.3
Unarmed Combat | 4 5 |  5.8
Spellcasting   | 3 4 5 |  5.0

Action                   |  1- 3 |  4- 6 |  7- 9 || total
-------------------------+-------+-------+-------++-------
Melee: Dagger            |    43 |    66 |    79 ||   188
       Tentacles         |    10 |    16 |    23 ||    49
       Kick              |    12 |    19 |    42 ||    73
       Constrict         |    10 |    16 |    21 ||    47
       Punch             |     2 |     3 |     3 ||     8
       Unarmed           |       |       |    98 ||    98
Throw: Dart              |       |       |    18 ||    18
 Cast: Beastly Appendage |    17 |    18 |    17 ||    52
       Spider Form       |       |       |    13 ||    13
Invok: Lunge             |       |       |    10 ||    10
       Whirlwind         |       |       |     1 ||     1
Evoke: Wand              |       |     5 |     2 ||     7
  Use: Scroll            |       |    12 |     9 ||    21
       Potion            |       |       |     2 ||     2
 Stab: Sleeping          |     2 |     1 |     5 ||     8
Armor: Skin              |     3 |     5 |     7 ||    15
Dodge: Dodged            |    20 |    46 |   124 ||   190
